 Dungeon Crawl Stone Soup version 0.21.1-1-g345015fe64 (webtiles) character file.

1267 KleinerIrrer the Cleaver (level 8, 0/62 HPs)
             Began as a Formicid Fighter on Apr 4, 2018.
             Slain by a yak (10 damage)
             ... on level 8 of the Dungeon.
             The game lasted 00:01:55 (6374 turns).

KleinerIrrer the Cleaver (Formicid Fighter)         Turns: 6374, Time: 00:01:56

Health: 0/62       AC:  9    Str: 23    XL:     8   Next: 82%
Magic:  8/8        EV:  7    Int:  8    God:
Gold:   363        SH: 10    Dex: 10    Spells: 7/7 levels left

rFire    . . .     SeeInvis +   Y - +0 war axe
rCold    . . .     Gourm    .   c - +0 shield
rNeg     . . .     Faith    .   m - +0 chain mail
rPois    .         Spirit   .   (helmet unavailable)
rElec    .         Reflect  .   (no cloak)
rCorr    .         Harm     .   (no gloves)
MR       .....                  (no boots)
Stlth    ..........             (no amulet)
HPRegen  0.20/turn              (no ring)
MPRegen  0.11/turn              (no ring)

@: no status effects
A: permanent stasis, dig shafts and tunnels, four strong arms, antennae 3
a: Dig, Shaft Self


You were on level 8 of the Dungeon.
You were not hungry.

You visited 1 branch of the dungeon, and saw 7 of its levels.

You collected 363 gold pieces.


Innate Abilities, Weirdness & Mutations

You cannot be hasted, slowed, berserked, paralysed or teleported.
You can dig through walls and to a lower floor.
Your four strong arms can wield two-handed weapons with a shield.
You have a pair of large antennae on your head. (SInv)


   Skills:
 - Level 5.0 Fighting
 + Level 8.6 Axes
 - Level 3.2 Armour
 - Level 1.0 Dodging
 - Level 6.1 Shields


You had 7 spell levels left.
You didn't know any spells.

Inventory:

Hand Weapons
 r - a +0 great mace of protection
 Y - a +0 war axe (weapon)
Missiles
 u - 3 steel tomahawks (quivered)
Armour
 c - a +0 shield (worn)
 m - a +0 chain mail (worn)
Jewellery
 n - an uncursed ring of ice
Wands
 k - a wand of clouds (5)
Scrolls
 b - 4 scrolls of teleportation
 f - a scroll of remove curse
 q - a scroll of enchant armour
 v - 2 scrolls of identify
Potions
 a - a potion of agility {unknown}
 d - 4 potions of might
 h - a potion of brilliance {unknown}
 i - a potion of degeneration {unknown}
 j - a potion of invisibility {unknown}
 l - a potion of resistance
 o - 2 potions of curing
 p - a potion of mutation {unknown}
Comestibles
 e - 11 rations
 s - 4 chunks of flesh

Dungeon Overview and Level Annotations

Branches:
Dungeon (6/15)
 Temple: D:4-7

Altars:
Elyvilon
Sif Muna
Trog
Uskayaw
Xom


Message History

You hit the yak.
The yak is heavily wounded.
Your shield and chain mail prevent you from hitting the yak.
You hit the yak. x2
You block the yak's attack. The yak gores you! You block the yak's attack. x2
The yak gores you.
You slash the yak!
The yak is almost dead.
You barely miss the yak. You slash the yak! You hit the yak. The yak gores you!
The yak gores you but does no damage. The yak gores you.
The yak gores you but does no damage.
6373 ||| DRINKING potion of heal wounds.
You feel much better. You block the yak's attack.
The yak gores you but does no damage. x2
The yak gores you.
Your chain mail prevents you from hitting the yak.
The yak is almost dead.
You slash the yak! You barely miss the yak. You slash the yak!
The yak gores you!
You block the yak's attack. x3; The yak gores you!
You die...

#... ... #...
.. #.... .#
#....####.####.
#..............
#.........)....
#.....YY.......
#.....Y@.......
#.....Y........
#......##...##.
#...... ...#
#...... ..#
#...... ...#
#...... ..#
#...... ..#


You could see 4 yaks.

Vanquished Creatures
  Eustachio (D:4)
  Sigmund (D:2)
  The ghost of brittlin the Chopper, an amateur HOFi (D:4)
  2 phantoms
  An ogre (D:4)
  Blork the orc (D:5)
  A scorpion (D:5)
  3 orc wizards
  A bullfrog skeleton (D:4)
  2 iguanas (D:5)
  3 worker ants
  A killer bee zombie (D:5)
  6 adders
  2 oozes
  7 worms
  A dart slug (D:2)
  4 leopard geckos
  11 orcs
  6 giant cockroaches
  13 goblins
  10 hobgoblins
  5 jackals
  3 quokkas
  11 bats
  2 frilled lizards (D:1)
  11 kobolds
  A leopard gecko skeleton (D:4)
  8 rats
119 creatures vanquished.

Notes
Turn   | Place    | Note
-------+----------+-------------------------------------------
     0 | D:1      | KleinerIrrer the Formicid Fighter began the quest for the Orb.
     0 | D:1      | Reached XP level 1. HP: 18/18 MP: 1/1
     0 | D:1      | 0 ||| counter = 42
    99 | D:1      | Reached XP level 2. HP: 23/24 MP: 2/2
   127 | D:1      | Reached skill level 3 in Axes
   316 | D:1      | Reached XP level 3. HP: 29/29 MP: 3/3
   708 | D:1      | 708 ||| UPGRADING to chain mail.
   718 | D:1      | 718 ||| DROPPING +0 scale mail.
   719 | D:1      | 719 ||| READING scroll labeled OFRODGHIUFA.
   720 | D:1      | 720 ||| READING scroll labeled SUMIGUTSID.
   721 | D:1      | 721 ||| DRINKING 3 fuming ruby potions.
   732 | D:2      | 732 ||| STAIRDANCE
   788 | D:2      | 788 ||| STAIRDANCE
   867 | D:2      | Reached skill level 4 in Axes
   867 | D:2      | Reached XP level 4. HP: 35/35 MP: 4/4
   884 | D:2      | HP: 6/35 [adder (4)]
   885 | D:2      | 885 ||| DRINKING 2 potions of heal wounds.
  1049 | D:2      | Noticed Sigmund
  1061 | D:2      | Killed Sigmund
  1061 | D:2      | Reached skill level 5 in Axes
  1061 | D:2      | Reached XP level 5. HP: 31/41 MP: 5/5
  1061 | D:2      | Reached XP level 6. HP: 36/47 MP: 6/6
  1343 | D:2      | Reached skill level 6 in Axes
  1790 | D:2      | 1790 ||| UPGRADING to glowing ring mail.
  1800 | D:2      | 1800 ||| UPGRADING to +0 chain mail.
  1810 | D:2      | 1810 ||| DROPPING +0 ring mail of magic resistance.
  1811 | D:2      | 1811 ||| READING 5 scrolls labeled OZYWOX SOGIRGH.
  1812 | D:2      | 1812 ||| READING scroll labeled JIJUAR VEEPOGG.
  1813 | D:2      | 1813 ||| READING 3 scrolls labeled SAFOUNKINT.
  1814 | D:2      | 1814 ||| READING scroll labeled XIODEL HOTE.
  1815 | D:2      | 1815 ||| DROPPING 2 scrolls of fog.
  1871 | D:3      | 1871 ||| UPGRADING to runed whip.
  1872 | D:3      | 1872 ||| READING scroll of remove curse.
  1873 | D:3      | 1873 ||| SWAPPING to +0 war axe.
  2032 | D:3      | Reached skill level 1 in Dodging
  2084 | D:3      | 2084 ||| DROPPING -3 whip.
  2161 | D:3      | 2161 ||| UPGRADING to whip.
  2162 | D:3      | 2162 ||| SWAPPING to +0 war axe.
  2534 | D:3      | 2534 ||| STAIRDANCE
  2591 | D:2      | 2591 ||| READING 3 scrolls labeled BUKHATZEDGHY.
  2592 | D:2      | 2592 ||| READING 2 scrolls of identify.
  2592 | D:2      | 2592 ||| IDENTIFYING agate ring
  2593 | D:2      | 2593 ||| READING scroll of identify.
  2593 | D:2      | 2593 ||| IDENTIFYING triangular steel amulet
  2594 | D:2      | 2594 ||| DROPPING amulet of the gourmand.
  2668 | D:3      | 2668 ||| UPGRADING to flail.
  2669 | D:3      | 2669 ||| SWAPPING to +0 war axe.
  2670 | D:3      | 2670 ||| DROPPING +0 whip.
  2801 | D:3      | Reached XP level 7. HP: 44/54 MP: 7/7
  2974 | D:3      | 2974 ||| DRINKING 2 grey potions.
  3022 | D:4      | 3022 ||| STAIRDANCE
  3140 | D:4      | 3140 ||| STAIRDANCE
  3236 | D:4      | Noticed Eustachio
  3264 | D:4      | Killed Eustachio
  3264 | D:4      | Reached skill level 7 in Axes
  3355 | D:4      | Noticed brittlin's ghost (amateur HOFi)
  3390 | D:4      | 3390 ||| STAIRDANCE
  3430 | D:4      | 3430 ||| STAIRDANCE
  3472 | D:4      | 3472 ||| STAIRDANCE
  3544 | D:4      | 3544 ||| STAIRDANCE
  3601 | D:3      | 3601 ||| EATING 7 rations.
  3609 | D:4      | 3609 ||| STAIRDANCE
  3749 | D:4      | 3749 ||| DROPPING +0 flail.
  3750 | D:4      | 3750 ||| UPGRADING to glowing great mace.
  3751 | D:4      | 3751 ||| SWAPPING to +0 war axe.
  3911 | D:4      | Reached XP level 8. HP: 60/60 MP: 8/8
  3951 | D:4      | 3951 ||| STAIRDANCE
  3998 | D:3      | 3998 ||| READING scroll of identify.
  3998 | D:3      | 3998 ||| IDENTIFYING runed glass ring
  3999 | D:3      | 3999 ||| DROPPING ring of see invisible.
  4003 | D:4      | 4003 ||| STAIRDANCE
  4090 | D:4      | 4090 ||| STAIRDANCE
  4138 | D:4      | 4138 ||| STAIRDANCE
  4189 | D:4      | Killed brittlin's ghost
  4336 | D:4      | Reached skill level 8 in Axes
  4598 | D:5      | Entered Level 5 of the Dungeon
  4760 | D:5      | Found a hide-covered altar of Uskayaw.
  5018 | D:5      | Found a white marble altar of Elyvilon.
  5209 | D:5      | 5209 ||| STAIRDANCE
  5310 | D:4      | 5310 ||| READING scroll labeled VOMAGURUAL.
  5311 | D:4      | 5311 ||| DRINKING 2 ruby potions.
  5317 | D:5      | Reached skill level 6 in Shields
  5549 | D:5      | 5549 ||| EATING 11 rations.
  5798 | D:5      | Found a shimmering altar of Xom.
  5872 | D:5      | Noticed Blork the orc
  5881 | D:5      | Killed Blork the orc
  5926 | D:5      | Found a deep blue altar of Sif Muna.
  6299 | D:6      | Found a bloodstained altar of Trog.
  6364 | D:6      | You fall through a shaft for 2 floors!
  6364 | D:8      | Noticed a yak
  6364 | D:8      | Noticed a yak
  6364 | D:8      | Noticed a yak
  6364 | D:8      | Noticed a yak
  6365 | D:8      | 6365 ||| Shafted from D:6 to D:8.
  6372 | D:8      | HP: 7/62 [yak (10)]
  6373 | D:8      | 6373 ||| DRINKING potion of heal wounds.
  6374 | D:8      | Slain by a yak

Vault maps used:
D:1:      lemuel_arrival_muddy
D:2:      uniq_sigmund
D:3:      kennysheep_generic_room_6
D:4:      first_ration, uniq_eustachio
D:5:      nicolae_overflow_hidden_temple, lemuel_round_altar, marbit_many_paths,
          elyvilon_altar_5, uniq_blork_the_orc
D:6:      gammafunk_temple_overflow_statue, grunt_ministairs_11,
          trog_hazing_becter

Skill      XL: |  1  2  3  4  5  6  7  8 |
---------------+-------------------------+-----
Axes           | 3 4 5 6 7 8 |  8.6
Shields        | 4 5 6 |  6.1
Dodging        | 1 |  1.0
Fighting       | 4 5 |  5.0
Armour         | |  3.2

Action                   |  1- 3 |  4- 6 |  7- 9 || total
-------------------------+-------+-------+-------++-------
Melee: War axe           |    77 |   138 |   265 ||   480
Throw: Tomahawk          |    32 |    51 |    31 ||   114
  Use: Scroll            |     2 |     8 |     2 ||    12
       Potion            |     1 |     1 |     3 ||     5
  Eat: Chunk             |       |     6 |     5 ||    11
       Ration            |       |       |     2 ||     2
Armor: Scale mail        |    42 |       |       ||    42
       Chain mail        |    12 |    60 |    95 ||   167
Dodge: Dodged            |    29 |    22 |    65 ||   116
Block: Shield            |    44 |    71 |   140 ||   255

Table legend:
 A = Spawn XP
 B = Non-spawn XP
 C = Spawn XP percentage of total XP
 D = Spawn monster count
 E = Non-spawn monster count
 F = Spawn count percentage of total count
 G = Total turns spent on level
                    A         B        C        D         E        F      G
               +---------+---------+-------+---------+---------+-------+---------
         Total |       0 |    1811 |   0.0 |       0 |     119 |   0.0 |  6374
               +---------+---------+-------+---------+---------+-------+---------
           D:1 |       0 |      58 |   0.0 |       0 |      30 |   0.0 |   837
           D:2 |       0 |     295 |   0.0 |       0 |      27 |   0.0 |  1079
           D:3 |       0 |     170 |   0.0 |       0 |      30 |   0.0 |  1651
           D:4 |       0 |     766 |   0.0 |       0 |      10 |   0.0 |  1134
           D:5 |       0 |     511 |   0.0 |       0 |      16 |   0.0 |  1567
           D:6 |       0 |      11 |   0.0 |       0 |       6 |   0.0 |    96
               +---------+---------+-------+---------+---------+-------+---------
